 Dungeon Crawl Stone Soup version 0.26-a0-737-g4e9f4955e2 (webtiles) character file.

Game seed: 15582110669665381879

149 Zonian the Insei (level 5, -2/40 HPs)
             Began as a Gnoll Transmuter on Nov 5, 2020.
             Slain by a worker ant (7 damage)
             ... on level 4 of the Dungeon.
             The game lasted 00:07:09 (4005 turns).

Zonian the Insei (Gnoll Transmuter)                 Turns: 4005, Time: 00:07:10

Health: -2/40      AC:  2    Str: 12    XL:     5   Next: 31%
Magic:  12/12      EV: 15    Int: 16    God:
Gold:   100        SH:  0    Dex: 16    Spells: 11/14 levels left

rFire    . . .     SeeInvis .   m - +2 whip (vamp)
rCold    . . .     Faith    .   (no shield)
rNeg     + . .     Spirit   .   a - +0 robe
rPois    .         Reflect  .   (helmet currently unavailable)
rElec    .         Harm     .   (no cloak)
rCorr    .         Rampage  .   (no gloves)
MR       .....                  (boots currently unavailable)
Stlth    ++........             (no amulet)
HPRegen  0.13/turn              h - ring of wizardry
MPRegen  0.13/turn              i - ring of positive energy

@: lethally poisoned (-2 -> -4), appendages, hasted, very quick
A: distributed training, fangs 1, horns 2, talons 2, strong nose
a: End Transformation


You were on level 4 of the Dungeon.
You had grown temporary horns.
You had grown temporary talons.
You visited 1 branch of the dungeon, and saw 4 of its levels.

You collected 100 gold pieces.

Inventory:

Hand Weapons
 b - a +0 whip
 l - a +0 short sword
 m - a +2 vampiric whip (weapon)
 o - a +0 hand axe of electrocution
 q - a +1 falchion of holy wrath
Missiles
 c - 12 sling bullets
 e - 87 stones (quivered)
 f - 3 throwing nets
Armour
 a - a +0 robe (worn)
 p - a +0 helmet (melded)
Jewellery
 h - a ring of wizardry (left hand)
 i - a ring of positive energy (right hand)
Scrolls
 d - 3 scrolls of teleportation
 j - 4 scrolls of remove curse
 s - a scroll of amnesia
Potions
 g - 2 potions of haste
 k - 2 potions of flight {unknown}
 n - a potion of degeneration {unknown}
 r - a potion of invisibility {unknown}


   Skills:
 + Level 2.9 Fighting
 + Level 1.4 Short Blades
 + Level 1.4 Long Blades
 + Level 1.4 Axes
 + Level 1.4 Maces & Flails
 + Level 1.4 Polearms
 + Level 1.4 Staves
 + Level 1.4 Slings
 + Level 1.4 Bows
 + Level 1.4 Crossbows
 + Level 1.4 Throwing
 + Level 1.4 Armour
 + Level 4.7 Dodging
 + Level 1.4 Stealth
 + Level 1.4 Shields
 + Level 6.7 Unarmed Combat
 + Level 5.2 Spellcasting
 + Level 1.1 Conjurations
 + Level 1.1 Hexes
 + Level 1.1 Summonings
 + Level 1.1 Necromancy
 + Level 1.1 Translocations
 + Level 3.9 Transmutations
 + Level 1.1 Fire Magic
 + Level 1.1 Ice Magic
 + Level 1.1 Air Magic
 + Level 1.1 Earth Magic
 + Level 1.1 Poison Magic
 + Level 1.6 Invocations
 + Level 1.4 Evocations


You had 11 spell levels left.
You knew the following spells:

 Your Spells              Type           Power        Failure   Level
a - Beastly Appendage     Tmut           ###...       1%          1
b - Wereblood             Tmut           ###.....     1%          2

Your spell library contained the following spells:

 Spells                   Type           Power        Failure   Level
 Spider Form              Tmut/Pois      ##........   6%          3
 Ice Form                 Ice/Tmut       ##......     21%         4
 Blade Hands              Tmut           ###.......   32%         5


Dungeon Overview and Level Annotations

Branches:
Dungeon (4/15)
 Temple: D:4-7

Altars:

Annotations:
D:3 1 runed translucent door, tinescath's ghost, amateur DsFE


Innate Abilities, Weirdness & Mutations

Your experience applies equally to all skills.
You have very sharp teeth.
Your uncanny sense of smell can sniff out nearby items.
You have a pair of horns on your head.
You have razor-sharp toenails.


Message History

Your bite misses the worker ant.
The worker ant is lightly wounded.
The worker ant waves its antennae.
The worker ant completely misses you.
The leopard gecko completely misses you.
You feel yourself speed up.
You feel sick. The worker ant misses you. The leopard gecko bites you.
* * * LOW HITPOINT WARNING * * *
The worker ant misses you.
You closely miss the worker ant. Your kick misses the worker ant.
Your bite misses the worker ant.
The worker ant is lightly wounded.
The leopard gecko bites you.
* * * LOW HITPOINT WARNING * * *
You barely miss the worker ant. Your kick misses the worker ant.
The worker ant is lightly wounded.
The worker ant barely misses you. The leopard gecko misses you.
You feel sick. The worker ant bites you!
You die...

#........# #.....##.#
#.....##.#
#.....##.########
#########.....##.##.....#
..............##..'.....+
###################.....#
#.......####
+..@......... ∆
#lB.....##### ∆ #.......#
#.......# ..........# ∆
............#
.........$.....
#.....########## #..$..


You could see a worker ant and a leopard gecko.

Vanquished Creatures
  A bullfrog skeleton (D:4)
  A gnoll (D:3)
  4 adders
  2 oozes (D:1)
  2 worms
  2 dart slugs (D:2)
  3 leopard geckos
  2 orcs (D:3)
  2 giant cockroaches
  3 goblins
  5 hobgoblins
  2 jackals (D:3)
  3 quokkas
  A ball python (D:3)
  6 bats
  2 frilled lizards (D:1)
  6 kobolds
  A leopard gecko skeleton (D:4)
  9 rats
57 creatures vanquished.

Vanquished Creatures (others)
  2 withered plants (D:3)
2 creatures vanquished.

Grand Total: 59 creatures vanquished

Notes
Turn   | Place    | Note
-------+----------+-------------------------------------------
     0 | D:1      | Zonian the Gnoll Transmuter began the quest for the Orb.
     0 | D:1      | Reached XP level 1. HP: 17/17 MP: 6/6
    62 | D:1      | Reached XP level 2. HP: 20/23 MP: 5/7
   993 | D:1      | Learned a level 2 spell: Wereblood
  1011 | D:1      | Reached XP level 3. HP: 19/28 MP: 9/9
  1291 | D:1      | Reached skill level 5 in Spellcasting
  1672 | D:2      | Reached skill level 1 in Invocations
  1862 | D:2      | Reached skill level 1 in Short Blades
  1862 | D:2      | Reached skill level 1 in Long Blades
  1862 | D:2      | Reached skill level 1 in Axes
  1862 | D:2      | Reached skill level 1 in Maces & Flails
  1862 | D:2      | Reached skill level 1 in Polearms
  1862 | D:2      | Reached skill level 1 in Staves
  1862 | D:2      | Reached skill level 1 in Slings
  1862 | D:2      | Reached skill level 1 in Bows
  1862 | D:2      | Reached skill level 1 in Crossbows
  1862 | D:2      | Reached skill level 1 in Throwing
  1862 | D:2      | Reached skill level 1 in Armour
  1862 | D:2      | Reached skill level 1 in Stealth
  1862 | D:2      | Reached skill level 1 in Shields
  1862 | D:2      | Reached skill level 1 in Evocations
  2016 | D:2      | Reached XP level 4. HP: 33/34 MP: 9/11
  3286 | D:3      | Reached skill level 1 in Conjurations
  3286 | D:3      | Reached skill level 1 in Hexes
  3286 | D:3      | Reached skill level 1 in Summonings
  3286 | D:3      | Reached skill level 1 in Necromancy
  3286 | D:3      | Reached skill level 1 in Translocations
  3286 | D:3      | Reached skill level 1 in Fire Magic
  3286 | D:3      | Reached skill level 1 in Ice Magic
  3286 | D:3      | Reached skill level 1 in Air Magic
  3286 | D:3      | Reached skill level 1 in Earth Magic
  3286 | D:3      | Reached skill level 1 in Poison Magic
  3577 | D:3      | Reached XP level 5. HP: 31/40 MP: 12/12
  3812 | D:3      | Found a runed translucent door.
  3813 | D:3      | Noticed tinescath's ghost (amateur DsFE)
  4005 | D:4      | Slain by a worker ant

Illustrated notes

Levels and vault maps discovered:
D:1:      dpeg_arrival_boxorama, layout_basic, lemuel_another_geyser
D:2:      layout_basic
D:3:      layout_basic, gammafunk_ghost_grave, minmay_circle_x
D:4:      layout_basic, nicolae_ru_awakened_eye

Skill      XL: |  1  2  3  4 |
---------------+-------------+-----
Spellcasting   | 5 |  5.2
Invocations    | 1 |  1.6
Short Blades   | 1 |  1.4
Long Blades    | 1 |  1.4
Axes           | 1 |  1.4
Maces & Flails | 1 |  1.4
Polearms       | 1 |  1.4
Staves         | 1 |  1.4
Slings         | 1 |  1.4
Bows           | 1 |  1.4
Crossbows      | 1 |  1.4
Throwing       | 1 |  1.4
Armour         | 1 |  1.4
Stealth        | 1 |  1.4
Shields        | 1 |  1.4
Evocations     | 1 |  1.4
Conjurations   | 1 |  1.1
Hexes          | 1 |  1.1
Summonings     | 1 |  1.1
Necromancy     | 1 |  1.1
Translocations | 1 |  1.1
Fire Magic     | 1 |  1.1
Ice Magic      | 1 |  1.1
Air Magic      | 1 |  1.1
Earth Magic    | 1 |  1.1
Poison Magic   | 1 |  1.1
Fighting       | |  2.9
Dodging        | |  4.7
Unarmed Combat | |  6.7
Transmutations | |  3.9

Action                   |  1- 3 |  4- 6 || total
-------------------------+-------+-------++-------
Melee: Whip              |   100 |    90 ||   190
       Headbutt          |    10 |     5 ||    15
       Kick              |     9 |     7 ||    16
       Bite              |    11 |     9 ||    20
       Punch             |     1 |       ||     1
Throw: Stone             |     1 |       ||     1
 Cast: Beastly Appendage |    13 |     7 ||    20
       Wereblood         |       |     3 ||     3
  Use: Scroll            |       |     7 ||     7
       Potion            |       |     3 ||     3
 Stab: Sleeping          |     3 |       ||     3
       Distracted        |       |     1 ||     1
Armor: Robe              |    22 |    11 ||    33
Dodge: Dodged            |    98 |    96 ||   194

Table legend: (Time is in decaauts)
 A = Elapsed time spent in this place.
 B = Non-inter-level travel time spent in this place.
 C = Inter-level travel time spent in this place.
 D = Time resting spent in this place.
 E = Time spent auto-exploring this place.
 F = Levels seen in this place.
 G = Mean time per level.
                   A        B        C        D        E       F      G
               +--------+--------+--------+--------+--------+-----+--------+
         Total |   4014 |   3915 |     99 |    939 |   2302 |   4 | 1003.5 |
       Dungeon |   4014 |   3915 |     99 |    939 |   2302 |   4 | 1003.5 |
               +--------+--------+--------+--------+--------+-----+--------+

Top non-repeatable levels by time:
     D:1: 1870 daAuts
     D:2: 1113 daAuts
     D:3: 941 daAuts
     D:4: 89 daAuts
